Map: Galactic Process LE

Players

Ascarecrow - Winner!

  • Race: Zerg Zerg
  • League: Master

WisdoM

  • Race: Terran Terran
  • League: Master

VOD

Have the link to the VOD?

Description

Time

  • Played on: July 19, 2016, 10:21 p.m.
  • Length: 17:12
Show
View Real Time Build Order
Export as new Build Order

Ascarecrow Zerg - Winner!

Build Orders: Pool First 

Get SALT Encoding   

  12  0:01  Drone  
  13  0:13  Overlord  
  13  0:18  Drone  
  14  0:31  Drone x2  
  16  0:36  Drone  
  17  0:47  Spawning Pool  
  17  0:49  Drone  
  17  1:11  Hatchery  
  16  1:13  Drone  
  16  1:15  Drone  
  18  1:19  Extractor  
  18  1:23  Drone  
  18  1:34  Queen, Zergling x2  
  21  1:43  Overlord  
  21  1:53  Drone  
  22  2:10  Queen  
  24  2:17  Drone x2  
  26  2:23  Queen  
  28  2:35  Drone x4  
  32  2:43  Drone x2  
  33  2:47  Overlord  
  33  2:54  Lair  
  33  3:00  Drone x2  
  33  3:01  Drone  
  36  3:13  Drone x2  
  36  3:14  Drone  
  39  3:20  Overlord  
  39  3:30  Metabolic Boost  
  39  3:32  Drone  
  39  3:33  Drone  
  41  3:35  Extractor  
  41  3:40  Hatchery, Roach Warren  
  38  3:42  Drone  
  38  3:43  Drone  
  38  3:45  Drone  
  41  3:57  Overlord  
  41  4:02  Overlord  
  41  4:04  Drone  
  41  4:05  Drone x6  
  48  4:13  Overlord x2  
  48  4:20  Roach x2  
  48  4:21  Roach  
  54  4:27  Queen  
  54  4:30  Queen  
  58  4:38  Glial Reconstitution  
  58  4:40  Roach x3  
  64  4:51  Drone x4  
  64  4:52  Evolution Chamber  
  67  4:54  Evolution Chamber  
  66  5:03  Overlord  
  66  5:04  Drone x4  
  66  5:05  Drone x2  
  72  5:12  Queen  
  72  5:14  Overlord  
  74  5:15  Overlord  
  74  5:22  Drone  
  74  5:23  Drone x4  
  74  5:26  Zerg Missile Weapons Level 1  
  79  5:30  Zerg Ground Armor Level 1  
  79  5:45  Extractor  
  78  5:51  Drone x3  
  78  5:52  Extractor  
  78  5:53  Drone x3  
  78  5:54  Roach  
  78  5:55  Roach x6  
  97  6:02  Overlord  
  97  6:03  Overlord  
  97  6:07  Pneumatized Carapace  
  97  6:13  Roach x4  
  105  6:29  Ravager x2  
  105  6:31  Zergling x18  
  116  6:32  Queen  
  116  6:33  Queen  
  120  6:58  Extractor  
  120  7:00  Extractor  
  118  7:02  Overlord x2  
  118  7:24  Roach  
  118  7:25  Roach x5  
  118  7:28  Overlord  
  118  7:29  Overlord x3  
  96  7:52  Roach  
  96  7:53  Roach x11  
  114  8:10  Drone  
  114  8:11  Drone x4, Hatchery  
  116  8:23  Drone x3  
  116  8:24  Zerg Missile Weapons Level 2  
  116  8:25  Zerg Ground Armor Level 2  
  119  8:51  Spire  
  118  9:06  Drone x7  
  125  9:11  Roach x11  
  125  9:13  Overlord  
  125  9:14  Overlord x2  
  125  9:16  Ravager  
  148  9:17  Ravager x6  
  154  9:26  Extractor  
  154  9:30  Extractor  
  151  9:57  Drone x3  
  151  9:58  Drone x2  
  151  9:59  Drone, Roach  
  159  10:00  Roach x11  
  159  10:05  Spore Crawler  
  180  10:12  Tunneling Claws, Infestation Pit  
  180  10:13  Burrow  
  179  10:15  Overlord  
  179  10:16  Spore Crawler, Overlord  
  179  10:17  Hydralisk Den  
  179  10:18  Ravager  
  179  10:19  Ravager x4  
  182  10:24  Spore Crawler x2  
  182  10:26  Roach  
  182  10:49  Corruptor x4  
  182  10:50  Corruptor  
  182  10:55  Hive  
  192  10:57  Zerg Flyer Armor Level 1  
  192  11:03  Lurker Den  
  192  11:22  Extractor  
  192  11:23  Hatchery  
  192  11:25  Roach  
  176  11:26  Roach x12, Extractor  
  189  11:40  Roach  
  189  11:41  Roach x4  
  193  12:20  Ravager x4  
  193  12:21  Ravager x2  
  199  12:48  Zerg Missile Weapons Level 3  
  199  12:49  Zerg Ground Armor Level 3  
  199  12:51  Zerg Flyer Weapons Level 1  
  199  12:55  Roach x7  
  199  12:58  Spore Crawler  
  199  13:04  Spore Crawler  
  197  13:06  Spore Crawler  
  197  13:08  Spore Crawler  
  179  13:16  Roach x10  
  195  13:28  Ravager x3  
  195  13:29  Ravager x2  
  196  13:37  Roach x3  
  196  14:06  Hydralisk x2  
  200  14:14  Roach x4  
  178  14:41  Roach x5  
  178  14:42  Roach x7  
  178  14:45  Zerg Flyer Armor Level 2  
  189  14:52  Hydralisk x5  
  180  14:59  Muscular Augments  
  175  15:04  Roach  
  175  15:05  Roach x15  
  192  15:14  Ravager  
  192  15:16  Ravager x5  
  192  15:17  Ravager x2  
  192  15:24  Lurker  
  192  15:25  Lurker x5  
  198  15:43  Ravager x2  
  181  15:59  Roach  
  181  16:00  Roach x9  
  199  16:22  Overlord  
  199  16:23  Overlord x4  
  183  16:46  Roach x12  
  183  16:47  Roach  
Show
View Real Time Build Order
Export as new Build Order

WisdoM Terran 

Build Orders: Reaper Expand, MMM Bio 

Get SALT Encoding   

  12  0:01  SCV  
  13  0:13  SCV  
  14  0:17  Supply Depot  
  14  0:25  SCV  
  15  0:39  SCV  
  15  0:40  Barracks  
  16  0:45  Refinery  
  16  0:51  SCV  
  17  1:03  SCV  
  18  1:16  SCV  
  19  1:27  Reaper  
  19  1:28  Orbital Command  
  20  1:42  Command Center  
  20  1:51  Supply Depot  
  20  1:54  SCV  
  20  1:58  Refinery  
  20  2:00  Marine  
  22  2:06  SCV  
  23  2:15  Factory  
  23  2:18  Marine, SCV  
  25  2:30  SCV  
  25  2:42  Marine, SCV  
  25  2:52  Barracks  
  25  2:55  SCV  
  26  3:00  Widow Mine  
  26  3:03  Starport  
  28  3:06  Barracks Tech Lab  
  28  3:07  SCV  
  28  3:10  Orbital Command  
  29  3:18  Bunker  
  29  3:19  SCV  
  30  3:28  Barracks  
  30  3:31  Marine  
  31  3:36  SCV  
  31  3:37  SCV  
  31  3:38  Factory Tech Lab  
  33  3:43  Stimpack  
  33  3:48  SCV  
  34  3:51  SCV  
  34  3:52  Supply Depot  
  34  3:53  Barracks Reactor  
  35  4:00  SCV  
  35  4:02  Starport Reactor  
  36  4:03  SCV  
  36  4:05  Marine  
  38  4:11  Supply Depot  
  38  4:12  SCV  
  38  4:15  SCV, Siege Tank  
  43  4:20  Barracks Reactor  
  43  4:23  Marine  
  44  4:24  SCV  
  44  4:30  SCV  
  46  4:33  Supply Depot  
  46  4:34  Marine x2  
  46  4:35  Refinery  
  46  4:37  SCV  
  49  4:44  Medivac x2  
  53  4:46  SCV  
  53  4:49  Refinery  
  54  4:53  Marine  
  54  4:54  Marine x2, SCV  
  61  5:00  Marine x2, Siege Tank  
  63  5:08  Supply Depot  
  63  5:09  SCV x2  
  63  5:11  Marine  
  63  5:12  Marauder  
  63  5:13  Marine  
  69  5:17  Marine  
  70  5:21  Supply Depot  
  70  5:30  Marine x2, SCV x2  
  70  5:31  Marine  
  75  5:40  Marine x2  
  75  5:42  SCV  
  78  5:43  SCV, Medivac  
  78  5:44  Combat Shields  
  78  5:48  Supply Depot  
  81  5:54  Supply Depot, SCV  
  81  5:55  Marine x3, SCV  
  86  6:04  Supply Depot  
  86  6:05  Supply Depot  
  86  6:10  Marine, SCV x2  
  89  6:22  SCV x2  
  89  6:23  Command Center  
  91  6:26  Barracks  
  91  6:34  Barracks  
  91  6:38  SCV x2  
  91  6:39  Marine x2  
  95  6:40  Engineering Bay  
  95  6:42  Engineering Bay  
  95  6:50  Supply Depot, SCV  
  95  6:51  Liberator, SCV  
  95  6:52  Supply Depot, Liberator  
  97  6:54  Marine x2  
  99  7:02  Marine x2, Concussive Shells  
  99  7:05  Marine  
  99  7:06  SCV  
  99  7:07  SCV  
  110  7:17  Marine x2  
  110  7:21  Barracks Reactor  
  110  7:22  Terran Infantry Weapons Level 1, Barracks Reactor  
  112  7:23  Marauder  
  112  7:29  Marine x2  
  116  7:35  Marine x2  
  101  7:45  Marauder  
  101  7:47  Marine x2  
  88  7:53  Marine x2  
  88  7:56  SCV  
  88  7:57  Orbital Command  
  81  8:01  SCV  
  81  8:05  Marine x2  
  83  8:06  Marauder  
  83  8:08  SCV  
  83  8:10  Marine x3  
  83  8:11  Marine  
  90  8:14  SCV  
  90  8:16  Medivac x2  
  95  8:20  SCV  
  95  8:22  SCV  
  95  8:26  SCV  
  98  8:28  Marauder  
  98  8:30  Marine x4  
  98  8:32  SCV  
  98  8:33  Terran Infantry Armor Level 1  
  105  8:34  Marine x2  
  105  8:35  SCV  
  105  8:38  SCV  
  109  8:43  Refinery, Armory  
  109  8:44  SCV  
  109  8:45  Marine x2  
  109  8:47  Medivac  
  114  8:49  Marauder, Medivac  
  114  8:50  SCV  
  114  8:55  Starport  
  119  8:56  SCV  
  119  8:58  Marine x2  
  119  9:00  Barracks  
  119  9:02  Marine, SCV x2  
  125  9:04  Barracks  
  125  9:05  Refinery  
  125  9:09  Marine x2  
  126  9:10  Marauder, Marine  
  126  9:14  Marine x2  
  126  9:15  SCV  
  133  9:21  Ghost Academy  
  133  9:27  Marine x2  
  133  9:28  Medivac x2  
  139  9:32  Marauder, SCV  
  139  9:33  SCV  
  143  9:44  Marine x2, Command Center  
  145  9:45  SCV x2  
  145  9:46  Marine  
  145  9:47  Marine x2  
  145  9:49  Barracks Tech Lab  
  145  9:50  Starport Reactor  
  150  9:53  Marauder  
  150  9:54  Terran Infantry Weapons Level 2  
  150  9:56  Supply Depot  
  150  9:57  Supply Depot  
  152  10:00  Supply Depot  
  152  10:05  Barracks Reactor  
  152  10:07  Marine  
  152  10:08  Marauder  
  155  10:15  Marauder  
  155  10:20  Command Center  
  157  10:25  Marine, Missile Turret  
  157  10:26  Marine x2  
  157  10:27  Sensor Tower  
  160  10:29  Marauder  
  161  10:36  Marauder  
  161  10:37  Marine  
  164  10:47  Marine x2  
  164  10:50  SCV x3  
  164  10:51  Marauder  
  168  10:57  Marauder  
  168  11:01  Marine x2  
  168  11:02  Barracks  
  168  11:03  Barracks, Medivac  
  168  11:04  Barracks  
  174  11:05  Marine x2  
  174  11:06  Marine  
  174  11:08  SCV x2  
  179  11:11  Orbital Command  
  179  11:12  Marauder, Liberator, SCV  
  179  11:15  Marine  
  179  11:17  Marine x3  
  184  11:19  Marauder  
  165  11:26  Marine x2  
  165  11:28  Marine x2  
  161  11:33  Marauder  
  161  11:34  Orbital Command  
  161  11:37  Medivac x2  
  167  11:40  Marauder  
  167  11:43  Marine x5  
  167  11:44  Marine  
  175  11:49  SCV x2  
  177  11:55  Marauder  
  177  11:56  SCV x2  
  177  11:57  Barracks Tech Lab x2  
  177  11:58  Barracks Tech Lab  
  177  11:59  Personal Cloaking  
  177  12:00  Terran Infantry Armor Level 2  
  177  12:01  Marauder, SCV  
  182  12:03  Terran Ship Weapons Level 1  
  182  12:08  Marine  
  184  12:10  Marine x2  
  186  12:16  Marauder  
  186  12:17  Marine x2  
  186  12:18  Marauder  
  186  12:21  Marine, Medivac x4  
  186  12:22  Marine  
  200  12:27  Refinery  
  200  12:28  Refinery  
  200  12:34  Terran Infantry Weapons Level 3  
  200  12:39  Command Center  
  200  12:41  Missile Turret  
  200  12:45  Barracks  
  200  12:46  Barracks  
  200  12:47  Starport  
  200  12:48  Barracks  
  200  12:49  Barracks  
  191  13:16  Marauder, Marine x2  
  191  13:17  Marauder  
  186  13:24  Marauder, Marine x3  
  186  13:25  Marauder x2  
  184  13:39  Marauder x2, Marine x2  
  190  13:41  Marine  
  190  13:46  Marauder  
  190  13:55  SCV x4  
  194  14:00  Marine x2  
  194  14:01  Marauder  
  194  14:02  Ghost  
  198  14:04  Barracks Tech Lab x4  
  198  14:05  Starport Reactor  
  200  14:20  Missile Turret  
  200  14:21  Planetary Fortress  
  200  14:26  Missile Turret, Sensor Tower  
  200  14:31  Terran Ship Weapons Level 2  
  200  14:32  Terran Infantry Armor Level 3  
  195  14:41  Marine x2  
  195  14:42  Marauder x3, Marine  
  191  14:46  Marine  
  191  14:47  Marauder x2, Marine x4  
  191  14:48  Marauder x2  
  191  14:51  Marine  
  191  14:52  Marauder x2, Marine  
  194  14:59  Marine x3  
  188  15:03  Marauder x2  
  188  15:04  Marauder, Marine x2  
  188  15:06  Marine x2  
  186  15:08  Marauder  
  186  15:09  Marauder x2  
  186  15:10  Marauder, SCV x2  
  195  15:19  Command Center  
  195  15:21  SCV x2  
  192  15:24  Command Center  
  192  15:27  Marine x2, Hi-Sec Auto Tracking, Command Center  
  192  15:28  Marauder x2, Marine x2  
  200  15:46  Liberator  
  200  15:47  Liberator  
  199  15:55  Marine x2  
  199  15:56  Marauder  
  199  16:11  Fusion Core  
  199  16:12  Starport x2  
  199  16:22  Marine  
  199  16:23  Marauder  
  200  16:28  Missile Turret  
  200  16:29  Command Center, Sensor Tower  
  200  16:32  Missile Turret  
  171  16:37  Marauder, Marine x3  
  171  16:38  Marauder x2  
  166  16:43  Marine x4  
  166  16:44  Marauder x3  
  179  16:51  Marine  
  179  16:52  Marine  
Tags
 
Add a new tag
Caveats
  • Supply blocks, unpowered buildings, or Contaminate may cause inaccurate times.
  • Supply counts are checked every 10 seconds.